 Dungeon Crawl Stone Soup version 0.27-a0-1565-gad902ab807 (webtiles) character file.

Game seed: 15675806630443073602

276 wakim the Bolt Thrower (level 6, -7/52 HPs)
             Began as a Minotaur Hunter on July 16, 2021.
             Splashed by a jelly's acid (9 damage)
             ... on level 4 of the Dungeon.
             The game lasted 00:11:08 (4468 turns).

wakim the Bolt Thrower (Minotaur Hunter)            Turns: 4468, Time: 00:11:08

Health: -7/52      AC: -1    Str: 19    XL:     6   Next: 4%
Magic:  5/5        EV:  5    Int:  8    God:
Gold:   90         SH:  8    Dex: 10    Spells: 5/5 levels left

rFire    . . .     SeeInvis .   b - +1 hand crossbow
rCold    . . .     Faith    .   f - +0 kite shield
rNeg     . . .     Spirit   .   l - +1 chain mail
rPois    .         Reflect  .   (helmet restricted)
rElec    .         Harm     .   (no cloak)
rCorr    .         Rampage  .   (no gloves)
Will     .....                  (no boots)
Stlth    ..........             (no amulet)
HPRegen  0.17/turn              (no ring)
MPRegen  0.09/turn              (no ring)

@: corroded
A: horns 2, retaliatory headbutt
a: no special abilities


You were on level 4 of the Dungeon.
You visited 1 branch of the dungeon, and saw 4 of its levels.

You collected 90 gold pieces.

Inventory:

Hand Weapons
 a - a +0 hand axe
 b - a +1 hand crossbow (weapon)
 i - a +0 dagger of venom
Missiles
 h - 40 bolts (quivered ammo)
Armour
 f - a +0 kite shield (worn)
 l - a +1 chain mail (worn)
Scrolls
 r - a scroll of identify
 T - a scroll of teleportation
Potions
 B - 2 potions of attraction {!q}
 G - a potion of flight
 H - 3 potions of haste


   Skills:
 + Level 3.7 Fighting
 + Level 2.1 Axes
 + Level 5.1 Crossbows
 + Level 3.5 Armour
 + Level 3.6 Dodging
 - Level 0.7 Stealth
 * Level 1.9 Shields


You had 5 spell levels left.
You didn't know any spells.
Your spell library contained the following spells:

 Spells                   Type           Power      Damage    Failure   Level
 Corona                   Hex            0%         N/A       100%        1
 Summon Small Mammal      Summ           0%         N/A       100%        1
 Ensorcelled Hibernation  Hex/Ice        0%         N/A       100%        2
 Call Canine Familiar     Summ           0%         N/A       100%        3
 Summon Guardian Golem    Hex/Summ       0%         N/A       100%        3
 Tukima's Dance           Hex            0%         N/A       100%        3
 Cause Fear               Hex            0%         N/A       100%        4
 Dragon Form              Tmut           0%         N/A       100%        7
 Dragon's Call            Summ           0%         N/A       100%        9


Dungeon Overview and Level Annotations

Branches:
Dungeon (4/15)
 Temple: D:4-7

Altars:
Vehumet

Shops:
D:1 [(=?


Innate Abilities, Weirdness & Mutations

You have a pair of horns on your head.
You reflexively headbutt those who attack you in melee.


Message History

The jelly is heavily wounded.
The jelly hits you but does no damage.
You hit the jelly but do no damage.
Your hands burn!
The jelly is heavily wounded.
The jelly hits you.
You are splashed with acid!
The jelly hits you but does no damage.
You hit the jelly but do no damage. The acid corrodes you!
Your hands burn!
* * * LOW HITPOINT WARNING * * *
The jelly is heavily wounded.
The jelly hits you but does no damage.
You hit the jelly. The acid corrodes you!
Your hands burn!
* * * LOW HITPOINT WARNING * * *
You headbutt the jelly.
The jelly is severely wounded.
You block the jelly's attack. x2
Your shield and chain mail prevent you from hitting the jelly.
The jelly is severely wounded.
The jelly hits you but does no damage.
You hit the jelly. The acid corrodes you!
Your hands burn!
* * * LOW HITPOINT WARNING * * *
The jelly is almost dead.
The jelly hits you.
* * * LOW HITPOINT WARNING * * *
The acid corrodes you!
You are splashed with acid!
* * * LOW HITPOINT WARNING * * *
The jelly hits you.
* * * LOW HITPOINT WARNING * * *
You are splashed with acid!
* * * LOW HITPOINT WARNING * * *
b - a +1 hand crossbow (weapon)
Fire: 41 bolts
Press: ? - help, Q - select action Shift-Dir - straight line, f - jelly
Aim: a jelly (almost dead, 90% to hit)
You shoot a bolt.
The bolt hits the jelly but does no damage.
The jelly is almost dead.
The jelly hits you.
* * * LOW HITPOINT WARNING * * *
The acid corrodes you!
You are splashed with acid!
You die...

# ####..........## .
#..)............ .. .
#.##.###......## ..
.#########.#.#.#....#..# #..
............###.....#..# ..>
#...#####....#........>#######.#.
..........#......................
......###...#........#.######..#
.[......##.##...@J.............#
....!..#...##.##...###.######.##
.....#..#####.########.# #.#
#...##).# #....?.....# #$#
##.###.....############# #.#
##.###.###.# #.# .......# # #.#
.####### #.# .....# #.#


You could see a jelly.

Vanquished Creatures
  A bullfrog (D:4)
  2 jellies
  A gnoll (D:1)
  4 adders
  A howler monkey skeleton (D:4)
  2 worms (D:2)
  2 dart slugs
  6 bats
  10 endoplasms
  4 giant cockroaches
  9 goblins
  6 hobgoblins
  7 jackals
  12 kobolds
  3 quokkas
  8 ball pythons
  6 frilled lizards
  5 rats
89 creatures vanquished.

Vanquished Creatures (others)
  A plant (D:2)
1 creature vanquished.

Grand Total: 90 creatures vanquished

Notes
Turn   | Place    | Note
-------+----------+-------------------------------------------
     0 | D:1      | wakim the Minotaur Hunter began the quest for the Orb.
     0 | D:1      | Reached XP level 1. HP: 18/18 MP: 0/0
    56 | D:1      | Found Vujogyst's Jewellery Shoppe.
    56 | D:1      | Found Veoplus's Antique Weapon Shoppe.
    81 | D:1      | Found Ehifunir's Magic Scroll Emporium.
   575 | D:1      | Reached skill level 1 in Armour
   674 | D:1      | Reached XP level 2. HP: 25/25 MP: 1/1
   858 | D:1      | Reached XP level 3. HP: 22/30 MP: 2/2
  1455 | D:1      | Found Xates's Antique Armour Boutique.
  1865 | D:2      | Reached XP level 4. HP: 37/37 MP: 3/3
  1934 | D:2      | Reached skill level 1 in Axes
  2623 | D:2      | Found a faded altar of an unknown god.
  2878 | D:3      | Found a radiant altar of Vehumet.
  3205 | D:3      | Reached XP level 5. HP: 41/45 MP: 4/4
  4206 | D:4      | Reached skill level 5 in Crossbows
  4206 | D:4      | Reached skill level 1 in Shields
  4375 | D:4      | Reached XP level 6. HP: 45/52 MP: 5/5
  4453 | D:4      | HP: 1/52 [acid (7)]
  4468 | D:4      | HP: 2/52 [jelly (2)]
  4468 | D:4      | Splashed by a jelly's acid

Illustrated notes

Levels and vault maps discovered:
D:1:      kennysheep_arrival_forest, layout_loops_corners, serial_shops, shop,
          nicolae_shop_stone, shop, nicolae_shop_behind_doors
D:2:      layout_rooms, hellmonk_ecumenical_altar_blasted, serial_bayou_pond_b
D:3:      layout_basic, nicolae_vehumet_radiance, serial_glass, glass_columns_a,
          glass_columns_b, due_unseen_surprise
D:4:      layout_loops_ring

Skill      XL: |  1  2  3  4  5 |
---------------+----------------+-----
Armour         | 1 2 3 |  3.5
Dodging        | 3 |  3.6
Axes           | 1 2 |  2.1
Fighting       | 3 |  3.7
Crossbows      | 5 |  5.1
Shields        | 1 |  1.9
Stealth        | |  0.7

Action                   |  1- 3 |  4- 6 || total
-------------------------+-------+-------++-------
Melee: Short sword       |    20 |       ||    20
       Headbutt          |    10 |    18 ||    28
       Hand axe          |    81 |   108 ||   189
 Fire: Hand crossbow     |       |     1 ||     1
  Use: Scroll            |       |    12 ||    12
Armor: Leather armour    |    32 |     9 ||    41
       Chain mail        |       |    37 ||    37
Dodge: Dodged            |    70 |    30 ||   100
Block: Kite shield       |       |    20 ||    20

Table legend: (Time is in decaauts)
 A = Elapsed time spent in this place.
 B = Non-inter-level travel time spent in this place.
 C = Inter-level travel time spent in this place.
 D = Time resting spent in this place.
 E = Time spent auto-exploring this place.
 F = Levels seen in this place.
 G = Mean time per level.
                   A        B        C        D        E       F      G
               +--------+--------+--------+--------+--------+-----+--------+
         Total |   4536 |   4438 |     98 |     82 |   3685 |   4 | 1134.0 |
       Dungeon |   4536 |   4438 |     98 |     82 |   3685 |   4 | 1134.0 |
               +--------+--------+--------+--------+--------+-----+--------+

Top non-repeatable levels by time:
     D:1: 1767 daAuts
     D:3: 1537 daAuts
     D:2: 948 daAuts
     D:4: 282 daAuts
